Unix NetHack Version 3.7.0-66 Work-in-progress - last build Dec 5 2022 03:26:57 (dbea811729ade750c4c0c7f8ab6145c62533a6e7,branch:master).

Game began 2022-12-24 14:14:58, ended 2022-12-25 13:43:37.

stenno, lawful female human Valkyrie

  
stone
stone
stone
stone
stone
stone
stone
stone
stone
stone
stone
stone
stone
stone
stone
stone
stone
stone
stone
stone
stone
stone
stone
stone
stone
stone
stone
stone
stone
stone
stone
stone
stone
stone
stone
stone
stone
stone
stone
stone
stone
stone
stone
stone
stone
stone
stone
stone
stone
stone
stone
stone
stone
stone
stone
stone
stone
stone
stone
stone
stone
stone
stone
stone
stone
stone
stone
stone
stone
stone
stone
stone
stone
stone
stone
stone
stone
stone
stone
stone
stone
stone
stone
stone
stone
stone
stone
stone
stone
stone
stone
stone
stone
stone
stone
stone
stone
stone
stone
stone
stone
stone
stone
stone
stone
stone
stone
stone
stone
stone
stone
stone
stone
stone
stone
stone
stone
stone
stone
stone
stone
stone
stone
stone
stone
stone
stone
stone
stone
stone
stone
stone
stone
stone
stone
stone
stone
stone
stone
stone
stone
stone
stone
stone
stone
stone
stone
stone
stone
stone
stone
stone
stone
stone
stone
stone
stone
stone
stone
stone
stone
stone
stone
stone
stone
stone
stone
stone
stone
stone
stone
stone
stone
stone
stone
stone
stone
stone
stone
stone
stone
stone
stone
stone
stone
stone
stone
stone
stone
stone
stone
stone
stone
stone
stone
stone
stone
stone
stone
stone
stone
stone
stone
stone
stone
stone
stone
stone
stone
stone
stone
stone
stone
stone
stone
stone
stone
stone
stone
stone
stone
stone
stone
stone
stone
stone
stone
stone
stone
stone
stone
stone
stone
stone
stone
stone
stone
stone
stone
stone
stone
stone
stone
stone
stone
stone
stone
stone
stone
stone
stone
stone
stone
stone
stone
stone
stone
stone
stone
stone
stone
stone
stone
wall
wall
wall
wall
wall
wall
wall
wall
wall
wall
wall
wall
wall
wall
wall
wall
wall
wall
wall
wall
wall
wall
wall
wall
wall
wall
stone
stone
stone
stone
stone
stone
stone
stone
stone
stone
stone
stone
stone
stone
stone
stone
stone
stone
stone
stone
stone
stone
stone
stone
stone
stone
stone
stone
stone
stone
stone
stone
stone
stone
stone
stone
stone
stone
stone
stone
stone
stone
stone
stone
stone
stone
stone
stone
stone
stone
stone
stone
stone
wall
.dark part of a room
^hole
^hole
/a wand
^hole
^hole
^hole
^hole
^hole
^hole
^hole
.dark part of a room
.dark part of a room
.dark part of a room
.dark part of a room
.floor of a room
.floor of a room
0a boulder
.floor of a room
.floor of a room
.floor of a room
.floor of a room
.floor of a room
>staircase down
wall
stone
stone
stone
stone
stone
stone
stone
stone
stone
stone
stone
stone
stone
stone
stone
stone
stone
stone
stone
stone
stone
stone
stone
stone
stone
stone
stone
stone
stone
stone
stone
stone
stone
stone
stone
stone
stone
stone
stone
stone
stone
stone
stone
stone
stone
stone
stone
stone
stone
stone
stone
stone
stone
wall
.dark part of a room
wall
wall
wall
wall
wall
wall
wall
wall
wall
wall
wall
wall
wall
wall
wall
wall
@human valkyrie called stenno
.floor of a room
.floor of a room
.floor of a room
.floor of a room
.floor of a room
.floor of a room
wall
stone
stone
stone
stone
stone
stone
stone
stone
stone
stone
stone
stone
stone
stone
stone
stone
stone
stone
stone
stone
stone
stone
stone
stone
stone
stone
stone
stone
stone
stone
stone
stone
stone
stone
stone
stone
stone
stone
stone
stone
stone
stone
stone
stone
stone
stone
stone
stone
stone
stone
stone
stone
stone
wall
.dark part of a room
wall
stone
stone
stone
stone
stone
stone
stone
stone
stone
wall
wall
wall
wall
wall
wall
ccockatrice
wall
wall
wall
wall
wall
wall
wall
stone
stone
stone
stone
stone
stone
stone
stone
stone
stone
stone
stone
stone
stone
stone
stone
stone
stone
stone
stone
stone
stone
stone
stone
stone
stone
stone
stone
stone
stone
stone
stone
stone
stone
stone
stone
stone
stone
stone
stone
stone
stone
stone
stone
stone
stone
stone
stone
stone
stone
stone
stone
stone
wall
.dark part of a room
wall
stone
stone
stone
stone
stone
stone
stone
stone
stone
wall
.dark part of a room
.dark part of a room
.dark part of a room
.dark part of a room
.dark part of a room
.floor of a room
.dark part of a room
.dark part of a room
.dark part of a room
.dark part of a room
.dark part of a room
wall
stone
stone
stone
stone
stone
stone
stone
stone
stone
stone
stone
stone
stone
stone
stone
stone
stone
stone
stone
stone
stone
stone
stone
stone
stone
stone
stone
stone
stone
stone
stone
stone
stone
stone
stone
stone
stone
stone
stone
stone
stone
stone
stone
stone
stone
stone
stone
stone
stone
stone
stone
stone
stone
stone
wall
.dark part of a room
wall
stone
stone
stone
stone
stone
stone
stone
stone
stone
wall
0a boulder
.dark part of a room
0a boulder
.dark part of a room
.floor of a room
.floor of a room
0a boulder
.dark part of a room
0a boulder
.dark part of a room
0a boulder
wall
stone
stone
stone
stone
stone
stone
stone
stone
stone
stone
stone
stone
stone
stone
stone
stone
stone
stone
stone
stone
stone
stone
stone
stone
stone
stone
stone
stone
stone
stone
stone
stone
stone
stone
stone
stone
stone
stone
stone
stone
stone
stone
stone
stone
stone
stone
stone
stone
stone
stone
stone
stone
stone
stone
wall
.dark part of a room
wall
stone
stone
stone
stone
stone
stone
stone
stone
stone
wall
wall
wall
wall
wall
.floor of a room
wall
wall
wall
wall
wall
wall
wall
wall
stone
stone
stone
stone
stone
stone
stone
stone
stone
stone
stone
stone
stone
stone
stone
stone
stone
stone
stone
stone
stone
stone
stone
stone
stone
stone
stone
stone
stone
stone
stone
stone
stone
stone
stone
stone
stone
stone
stone
stone
stone
stone
stone
stone
stone
stone
stone
stone
stone
stone
stone
stone
stone
wall
.dark part of a room
wall
stone
stone
stone
stone
stone
stone
stone
stone
stone
wall
.dark part of a room
.dark part of a room
.dark part of a room
.dark part of a room
flynx
.dark part of a room
.dark part of a room
.dark part of a room
.dark part of a room
.dark part of a room
.dark part of a room
.dark part of a room
wall
stone
stone
stone
stone
stone
stone
stone
stone
stone
stone
stone
stone
stone
stone
stone
stone
stone
stone
stone
stone
stone
stone
stone
stone
stone
stone
stone
stone
stone
stone
stone
stone
stone
stone
stone
stone
stone
stone
stone
stone
stone
stone
stone
stone
stone
stone
stone
stone
stone
stone
stone
stone
stone
wall
.dark part of a room
wall
stone
stone
stone
stone
stone
stone
stone
stone
stone
wall
.dark part of a room
.dark part of a room
.dark part of a room
.floor of a room
.floor of a room
.dark part of a room
.dark part of a room
.dark part of a room
.dark part of a room
.dark part of a room
0a boulder
.dark part of a room
wall
stone
stone
stone
stone
stone
stone
stone
stone
stone
stone
stone
stone
stone
stone
stone
stone
stone
stone
stone
stone
stone
stone
stone
stone
stone
stone
stone
stone
stone
stone
stone
stone
stone
stone
stone
stone
stone
stone
stone
stone
stone
stone
stone
stone
stone
stone
stone
stone
stone
stone
stone
stone
stone
wall
.dark part of a room
wall
wall
wall
wall
wall
wall
wall
stone
stone
stone
wall
wall
wall
wall
wall
wall
wall
wall
.dark part of a room
wall
wall
wall
wall
wall
stone
stone
stone
stone
stone
stone
stone
stone
stone
stone
stone
stone
stone
stone
stone
stone
stone
stone
stone
stone
stone
stone
stone
stone
stone
stone
stone
stone
stone
stone
stone
stone
stone
stone
stone
stone
stone
stone
stone
stone
stone
stone
stone
stone
stone
stone
stone
stone
stone
stone
stone
stone
stone
wall
.dark part of a room
wall
.dark part of a room
.dark part of a room
.dark part of a room
.dark part of a room
.dark part of a room
wall
wall
wall
stone
stone
wall
.dark part of a room
.dark part of a room
.dark part of a room
.dark part of a room
.dark part of a room
.dark part of a room
%a jaguar corpse
.dark part of a room
.dark part of a room
.dark part of a room
wall
stone
stone
stone
stone
stone
stone
stone
stone
stone
stone
stone
stone
stone
stone
stone
stone
stone
stone
stone
stone
stone
stone
stone
stone
stone
stone
stone
stone
stone
stone
stone
stone
stone
stone
stone
stone
stone
stone
stone
stone
stone
stone
stone
stone
stone
stone
stone
stone
stone
stone
stone
stone
stone
stone
wall
.dark part of a room
wall
.dark part of a room
.dark part of a room
.dark part of a room
.dark part of a room
.dark part of a room
+closed door
.dark part of a room
wall
stone
stone
wall
.dark part of a room
0a boulder
.dark part of a room
.dark part of a room
.dark part of a room
.dark part of a room
.dark part of a room
.dark part of a room
.dark part of a room
%some food rations
wall
stone
stone
stone
stone
stone
stone
stone
stone
stone
stone
stone
stone
stone
stone
stone
stone
stone
stone
stone
stone
stone
stone
stone
stone
stone
stone
stone
stone
stone
stone
stone
stone
stone
stone
stone
stone
stone
stone
stone
stone
stone
stone
stone
stone
stone
stone
stone
stone
stone
stone
stone
stone
stone
stone
wall
.dark part of a room
wall
.dark part of a room
.dark part of a room
.dark part of a room
.dark part of a room
.dark part of a room
wall
wall
wall
stone
stone
wall
wall
.dark part of a room
0a boulder
.dark part of a room
.dark part of a room
.dark part of a room
0a boulder
.dark part of a room
0a boulder
.dark part of a room
wall
stone
stone
stone
stone
stone
stone
stone
stone
stone
stone
stone
stone
stone
stone
stone
stone
stone
stone
stone
stone
stone
stone
stone
stone
stone
stone
stone
stone
stone
stone
stone
stone
stone
stone
stone
stone
stone
stone
stone
stone
stone
stone
stone
stone
stone
stone
stone
stone
stone
stone
stone
stone
stone
stone
wall
.dark part of a room
+closed door
.dark part of a room
.dark part of a room
.dark part of a room
.dark part of a room
.dark part of a room
+closed door
.dark part of a room
wall
stone
stone
stone
wall
wall
wall
wall
.dark part of a room
wall
wall
wall
wall
wall
wall
wall
stone
stone
stone
stone
stone
stone
stone
stone
stone
stone
stone
stone
stone
stone
stone
stone
stone
stone
stone
stone
stone
stone
stone
stone
stone
stone
stone
stone
stone
stone
stone
stone
stone
stone
stone
stone
stone
stone
stone
stone
stone
stone
stone
stone
stone
stone
stone
stone
stone
stone
stone
stone
stone
wall
wall
wall
.dark part of a room
.dark part of a room
.dark part of a room
.dark part of a room
.dark part of a room
wall
wall
wall
stone
stone
stone
stone
stone
wall
.dark part of a room
.dark part of a room
.dark part of a room
.dark part of a room
.dark part of a room
0a boulder
.dark part of a room
.dark part of a room
wall
stone
stone
stone
stone
stone
stone
stone
stone
stone
stone
stone
stone
stone
stone
stone
stone
stone
stone
stone
stone
stone
stone
stone
stone
stone
stone
stone
stone
stone
stone
stone
stone
stone
stone
stone
stone
stone
stone
stone
stone
stone
stone
stone
stone
stone
stone
stone
stone
stone
stone
stone
stone
stone
stone
stone
wall
.dark part of a room
.dark part of a room
.dark part of a room
.dark part of a room
.dark part of a room
+closed door
.dark part of a room
wall
stone
stone
stone
stone
stone
wall
.dark part of a room
.dark part of a room
.dark part of a room
.dark part of a room
.dark part of a room
.dark part of a room
.dark part of a room
.dark part of a room
wall
stone
stone
stone
stone
stone
stone
stone
stone
stone
stone
stone
stone
stone
stone
stone
stone
stone
stone
stone
stone
stone
stone
stone
stone
stone
stone
stone
stone
stone
stone
stone
stone
stone
stone
stone
stone
stone
stone
stone
stone
stone
stone
stone
stone
stone
stone
stone
stone
stone
stone
stone
stone
stone
stone
stone
wall
.dark part of a room
.dark part of a room
.dark part of a room
.dark part of a room
.dark part of a room
wall
wall
wall
stone
stone
stone
stone
stone
wall
wall
wall
wall
wall
wall
.dark part of a room
.dark part of a room
.dark part of a room
wall
stone
stone
stone
stone
stone
stone
stone
stone
stone
stone
stone
stone
stone
stone
stone
stone
stone
stone
stone
stone
stone
stone
stone
stone
stone
stone
stone
stone
stone
stone
stone
stone
stone
stone
stone
stone
stone
stone
stone
stone
stone
stone
stone
stone
stone
stone
stone
stone
stone
stone
stone
stone
stone
stone
stone
wall
wall
wall
wall
wall
wall
wall
stone
stone
stone
stone
stone
stone
stone
stone
stone
stone
stone
stone
wall
wall
wall
wall
wall
stone
stone
stone
stone
stone
stone
stone
stone
stone
stone
stone
stone
stone
stone
stone
stone
stone
stone
stone
stone
stone
stone
stone
stone
stone
stone
stone
[Stenno the Fighter ] St:13 Dx:14 Co:18 In:12 Wi:7 Ch:9 Lawful Dlvl:4 $:455 HP:0(74) Pw:13(13) AC:-4 Xp:8 T:5665 Stone

Latest messages:

You hit the jaguar!
You kill the jaguar!
s - a scroll called enchant weapon.
You see here a jaguar corpse.
With great effort you move the boulder.
You try to move the boulder, but in vain.
You see here a tripe ration.
The boulder falls into and plugs a hole in the floor!
You see here a tripe ration.
With great effort you move the boulder.
You see here a jaguar corpse.
You see here a tripe ration.
You see here a tripe ration.
The cockatrice misses!
The cockatrice misses!
You miss the cockatrice.
The cockatrice bites!
The cockatrice touches you!
You hear the cockatrice's hissing!
You are slowing down.
Are you sure you want to pray? [yn] (n) y
You begin praying to Tyr.
You are surrounded by a shimmering light.
The cockatrice starts to attack you, but pulls back.
You finish your prayer.
You feel that Tyr is well-pleased.
You feel more limber.
You hit the cockatrice.
The cockatrice bites!
The cockatrice touches you!
You hit the cockatrice.
The cockatrice bites!
The cockatrice touches you!
You hear the cockatrice's hissing!
You are slowing down.
You hit the cockatrice!
The cockatrice bites!
The cockatrice touches you!
You hear the cockatrice's hissing!
Your limbs are stiffening.
You hit the cockatrice!
The cockatrice misses!
The cockatrice touches you!
Your limbs have turned to stone.
You have turned to stone.
The cockatrice misses!
The cockatrice touches you!
You are a statue.
Do you want your possessions identified? [ynq] (y) y
Do you want to see your attributes? [ynq] (y) q

Inventory:

Coins

$ - 455 gold pieces

Amulets

v - an uncursed amulet of flying

Weapons

t - 13 uncursed +0 darts (at the ready)
P - an uncursed +0 dagger
a - an uncursed corroded +1 spear (weapon in hand)

Armor

K - an uncursed +0 dwarvish iron helm (being worn)
G - a cursed -1 pair of gauntlets of power
L - an uncursed +0 pair of iron shoes (being worn)
c - an uncursed +3 small shield (being worn)
H - an uncursed +0 dwarvish cloak (being worn)
M - an uncursed +0 dwarvish mithril-coat (being worn)

Comestibles

e - 2 uncursed wands of wishing
Y - 2 uncursed food rations
W - an uncursed fortune cookie
k - an uncursed tripe ration
D - an uncursed tripe ration
N - an uncursed lizard corpse

Scrolls

X - an uncursed scroll of earth
Z - a cursed scroll of earth
s - an uncursed scroll of enchant weapon
n - an uncursed scroll of genocide
i - 2 uncursed scrolls of light
B - an uncursed scroll of remove curse
C - an uncursed scroll of teleportation
T - a cursed scroll of teleportation

Potions

j - an uncursed potion of healing
R - an uncursed potion of healing
w - an uncursed potion of levitation
u - an uncursed potion of monster detection
z - an uncursed potion of object detection
h - an uncursed potion of restore ability
E - an uncursed potion of see invisible

Rings

l - a cursed ring of aggravate monster
p - a cursed ring of aggravate monster
A - an uncursed ring of free action
V - an uncursed ring of free action
q - a cursed ring of polymorph
I - a cursed ring of polymorph
x - an uncursed ring of searching
f - an uncursed ring of stealth

Wands

Q - an uncursed wand of cancellation (0:4)
r - an uncursed wand of digging (0:7)
d - an uncursed wand of digging (0:6)
g - an uncursed wand of light (0:14)
o - an uncursed wand of light (0:10)
S - an uncursed wand of opening (0:1)
m - an uncursed wand of striking (0:0)

Tools

U - an uncursed bag of tricks (0:14)
b - an uncursed blindfold
J - an uncursed leash
F - an uncursed tallow candle
O - an uncursed tin whistle

Gems/Stones

y - an uncursed worthless piece of black glass

Stenno the Valkyrie's attributes:


Background:

You were a Fighter, a level 8 human Valkyrie.
You were lawful, on a mission for Tyr
who was opposed by Odin (neutral) and Loki (chaotic).
You were in Sokoban, on level 4.
You entered the dungeon 5665 turns ago.
There was a new moon in effect when your adventure ended.
You had 2193 experience points, 367 more were needed to attain level 9.

Basics:

You had 0 out of 74 hit points.
You had all 13 energy points (spell power).
Your armor class was -4.
Your wallet contained 455 zorkmids.
Autopickup was on for '$/=?!' plus thrown.

Final Characteristics:

Your strength was 13 (peak:17, limit:18/100).
Your dexterity was 14 (limit:18).
Your constitution was 18 (limit:18).
Your intelligence was 12 (limit:18).
Your wisdom was 7 (limit:18).
Your charisma was 9 (limit:18).

Final Status:

You turned into stone.
You were not hungry.
You were unencumbered.
You were wielding a spear.
You had expert skill with spear.

Final Attributes:

You were piously aligned.
You were cold resistant.
You were stealthy.
You were guarded.
You are dead.

Miscellaneous:
You disabled loading of bones levels.
Total elapsed playing time was 47 minutes and 40 seconds.

Major events:

Turn

1: stenno the lawful human Valkyrie entered the dungeon
489: entered the Gnomish Mines
573: attained the rank of Skirmisher (level 3)
1301: attained the rank of Fighter (level 6)
1447: reached Mine Town
4291: entered Sokoban
4975: completed 2nd Sokoban level
5310: completed 3rd Sokoban level
5665: petrified by a cockatrice

Vanquished creatures:

a giant mimic
a freezing sphere
a tiger
a leocrotta
a chameleon
a quivering blob
a wolf
a panther
a leprechaun
a scorpion
a vampire bat
a gnome ruler
4 brown puddings
2 owlbears
a lizard
a dingo
a jaguar
a dust vortex
a snake
a soldier ant
2 bugbears
2 Mordor orcs
11 Uruk-hai
an orc shaman
a rock piercer
a pony
a fog cloud
a yellow light
7 gnome leaders
3 gnomish wizards
an elf zombie
a giant ant
a floating eye
a kitten
4 dwarves
a homunculus
2 kobold leaders
2 kobold shamans
3 hill orcs
4 rothes
a rabid rat
a centipede
5 monkeys
2 orc zombies
an iguana
an acid blob
a hobbit
a large kobold
4 hobgoblins
2 cave spiders
a brown mold
38 gnomes
3 geckos
2 jackals
2 foxes
a kobold
2 goblins
3 grid bugs
5 bats
6 lichens
5 newts
161 creatures vanquished.
No species were genocided or became extinct.

Voluntary challenges:

You read items or engraved 4 times.
You never engraved Elbereth.
You never genocided any monsters.
You never polymorphed an object.
You never changed form.
You used no wishes.
You did not violate any of the special Sokoban rules.

Achievements:

You entered a shop.
You entered the Gnomish Mines.
You attained the rank of Skirmisher.
You attained the rank of Fighter.
You entered Minetown.
You entered a temple.
You entered Sokoban.

The Dungeons of Doom: levels 1 to 9

   Level 1:
Level 2:
A scroll shop, a fountain, a grave.
Stairs down to The Gnomish Mines.
Level 3:
A fountain.
Level 4:
A fountain, a sink.
Level 5:
A fountain.
Level 6:
Level 7:
Many fountains.
Level 8:
A fountain.
Stairs up to Sokoban, level 7.
Level 9:

The Gnomish Mines: levels 3 to 6

   Level 3:
Level 4:
Level 5:
Level 6:
Many shops, a temple, some fountains.

Sokoban: levels 7 up to 4

   Level 4: <- You were here.
Unsolved.
Final resting place for
you, petrified by a cockatrice.
Level 5:
Solved.
Level 6:
Solved.
Level 7:
Unsolved.

Game over:

----------
/ \
/ REST \
/ IN \
/ PEACE \
/ \
| stenno |
| 455 Au |
| petrified by a |
| cockatrice |
| |
| |
| 2022 |
*| * * * | *
_________)/\\_//(\/(/\)/\//\/|_)_______

Farvel stenno the Valkyrie...


You turned to stone in Sokoban on dungeon level 4 with 9612 points,
and 455 pieces of gold, after 5665 moves.
You were level 8 with a maximum of 74 hit points when you turned to stone.